 Dungeon Crawl Stone Soup version 0.27-a0-40-g5f2be0e231 (webtiles) character file.

Game seed: 5971101699686861048

68 jestyr24 the Carver (level 4, 0/32 HPs)
             Began as a Gnoll Wanderer on Jan 6, 2021.
             Succumbed to an adder's poison
             ... on level 3 of the Dungeon.
             The game lasted 00:13:39 (3078 turns).

jestyr24 the Carver (Gnoll Wanderer)                Turns: 3078, Time: 00:13:40

Health: 0/32       AC:  6    Str: 17    XL:     4   Next: 19%
Magic:  8/8        EV:  9    Int: 14    God:
Gold:   104        SH:  5    Dex: 13    Spells: 7/8 levels left

rFire    . . .     SeeInvis .   k - +2 dagger (vamp)
rCold    . . .     Faith    .   (no shield)
rNeg     . . .     Spirit   .   q - +0 scale mail (curse)
rPois    .         Reflect  +   (no helmet)
rElec    .         Harm     .   (no cloak)
rCorr    .         Rampage  .   (no gloves)
Will     .....     Rnd*Tele +   (no boots)
Stlth    ..........             n - amulet of reflection
HPRegen  0.10/turn              m - ring of teleportation (curse)
MPRegen  0.11/turn              (no ring)

@: lethally poisoned (0 -> -6)
A: distributed training, fangs 1, strong nose
a: no special abilities


You were on level 3 of the Dungeon.
You visited 1 branch of the dungeon, and saw 3 of its levels.

You collected 104 gold pieces.

Inventory:

Hand Weapons
 a - a +2 dagger
 j - a +0 short sword
 k - a +2 vampiric dagger (weapon)
 s - a +0 dagger of speed
Missiles
 b - 3 curare-tipped darts (quivered)
 g - 29 bolts
 i - 63 stones
Armour
 e - a +0 robe
 q - a cursed +0 scale mail (worn)
Jewellery
 m - a cursed ring of teleportation (left hand)
 n - an amulet of reflection (around neck)
Scrolls
 l - 4 scrolls of identify {unknown}
 o - a scroll of random uselessness {unknown}
 r - a scroll of blinking
Potions
 c - a potion of lignification
 d - a potion of cancellation {unknown}
 f - 4 potions of might {unknown}
 h - a potion of mutation {unknown}
 p - a potion of curing {unknown}


   Skills:
 + Level 1.0 Fighting
 + Level 1.0 Short Blades
 + Level 10.4 Long Blades
 + Level 1.0 Axes
 + Level 1.0 Maces & Flails
 + Level 1.0 Polearms
 + Level 1.0 Staves
 + Level 1.0 Slings
 + Level 1.0 Bows
 + Level 1.0 Crossbows
 + Level 2.7 Throwing
 + Level 1.0 Armour
 + Level 1.0 Dodging
 + Level 1.0 Stealth
 + Level 1.0 Shields
 + Level 1.0 Unarmed Combat
 + Level 2.9 Spellcasting
 + Level 0.8 Conjurations
 + Level 0.8 Hexes
 + Level 0.8 Summonings
 + Level 0.8 Necromancy
 + Level 2.2 Translocations
 + Level 0.8 Transmutations
 + Level 2.2 Fire Magic
 + Level 0.8 Ice Magic
 + Level 0.8 Air Magic
 + Level 0.8 Earth Magic
 + Level 0.8 Poison Magic
 + Level 1.1 Invocations
 + Level 2.7 Evocations


You had 7 spell levels left.
You knew the following spells:

 Your Spells              Type           Power        Failure   Level
a - Apportation           Tloc           16%          30%         1

Your spell library contained the following spells:

 Spells                   Type           Power        Failure   Level
 Lesser Beckoning         Tloc           4%           67%         3


Dungeon Overview and Level Annotations

Branches:
Dungeon (3/15)

Altars:
Ashenzari
Dithmenos
Kikubaaqudgha
Wu Jian
Xom
The Shining One

Annotations:
D:2 1 runed translucent door, Crazy Yiuf
D:3 Grinder


Innate Abilities, Weirdness & Mutations

Your experience applies equally to all skills.
You have very sharp teeth.
Your uncanny sense of smell can sniff out nearby items.


Message History

You hit Grinder but do no damage.
Grinder is lightly wounded.
Grinder misses you. The adder barely misses you. The kobold closely misses you.
You barely miss Grinder.
Grinder is lightly wounded.
The adder bites you.
You are poisoned.
The adder poisons you! Grinder hits you.
* * * LOW HITPOINT WARNING * * *
You writhe in agony.
* * * LOW HITPOINT WARNING * * *
The kobold barely misses you.
Unknown command.
You are too injured to fight recklessly!
You are too injured to fight recklessly!
You are too injured to fight recklessly!
You are too injured to fight recklessly!
You hit Grinder but do no damage.
Grinder is lightly wounded.
You die...

#..........
#.............
#..............
#...............
#..............#
#..............#
#####..5...........#
#.....S@..#........#
#.....K.(.'........#
..........#.(......#
##+###....#.......#
#....#†).....# ..
#....#)####### #.
+....#.# #. #....#.#
###. #....#.# ....


You could see Grinder, an adder and a kobold.

Vanquished Creatures
  An adder (D:3)
  2 oozes
  A worm (D:3)
  A leopard gecko (D:1)
  An orc (D:3)
  7 goblins
  6 hobgoblins
  2 jackals (D:2)
  A quokka (D:3)
  A ball python (D:2)
  9 bats
  4 frilled lizards
  6 kobolds
  4 rats
46 creatures vanquished.

Notes
Turn   | Place    | Note
-------+----------+-------------------------------------------
     0 | D:1      | Reached skill level 10 in Long Blades
     0 | D:1      | jestyr24 the Gnoll Wanderer began the quest for the Orb.
     0 | D:1      | jestyr24 set off with the following items: a +2 dagger, 3
                  | curare-tipped darts, a potion of lignification, a +0 robe;
                  | and the following spell memorised: Apportation; and the
                  | following spells available to memorise: Lesser Beckoning
     0 | D:1      | Reached XP level 1. HP: 13/13 MP: 4/4
   513 | D:1      | Reached XP level 2. HP: 17/17 MP: 5/5
  1068 | D:1      | Reached XP level 3. HP: 25/25 MP: 7/7
  1724 | D:2      | Reached skill level 1 in Invocations
  1786 | D:2      | Found an ornate altar of the Wu Jian Council.
  1792 | D:2      | Noticed a spectral centipede
  1792 | D:2      | Noticed a spectral black mamba
  1792 | D:2      | Noticed a spectral cane toad
  1913 | D:2      | Found a glowing golden altar of the Shining One.
  2445 | D:2      | Found a broken altar of Ashenzari.
  2481 | D:2      | Found a runed translucent door.
  2482 | D:2      | Noticed Crazy Yiuf
  2568 | D:2      | Found a shimmering altar of Xom.
  2918 | D:3      | Found a shadowy altar of Dithmenos.
  2918 | D:3      | Found an ancient bone altar of Kikubaaqudgha.
  2946 | D:3      | Reached skill level 1 in Fighting
  2946 | D:3      | Reached skill level 1 in Short Blades
  2946 | D:3      | Reached skill level 1 in Axes
  2946 | D:3      | Reached skill level 1 in Maces & Flails
  2946 | D:3      | Reached skill level 1 in Polearms
  2946 | D:3      | Reached skill level 1 in Staves
  2946 | D:3      | Reached skill level 1 in Slings
  2946 | D:3      | Reached skill level 1 in Bows
  2946 | D:3      | Reached skill level 1 in Crossbows
  2946 | D:3      | Reached skill level 1 in Armour
  2946 | D:3      | Reached skill level 1 in Dodging
  2946 | D:3      | Reached skill level 1 in Stealth
  2946 | D:3      | Reached skill level 1 in Shields
  2946 | D:3      | Reached skill level 1 in Unarmed Combat
  2946 | D:3      | Reached XP level 4. HP: 25/32 MP: 8/8
  3065 | D:3      | Noticed Grinder
  3072 | D:3      | Paralysed by Grinder for 4 turns
  3077 | D:3      | HP: 1/32 [Grinder (5)]
  3078 | D:3      | Succumbed to an adder's poison

Illustrated notes

Levels and vault maps discovered:
D:1:      dpeg_arrival_snail, layout_basic
D:2:      layout_basic, old_standard_altar, nicolae_overflow_crystal_walls,
          pdpol_wu_jian_five_deadly_venoms, ashenzari_altar_1,
          uniq_crazy_yiuf_cottage
D:3:      layout_basic, lemuel_doored_altar, makhleb_grotto_becter,
          chequers_temple_overflow_statue_of_worship, uniq_grinder

Skill      XL: |  1  2  3 |
---------------+----------+-----
Long Blades    | | 10.4
Translocations | 2 |  2.2
Fire Magic     | 2 |  2.2
Invocations    | 1 |  1.1
Fighting       | 1 |  1.0
Short Blades   | 1 |  1.0
Axes           | 1 |  1.0
Maces & Flails | 1 |  1.0
Polearms       | 1 |  1.0
Staves         | 1 |  1.0
Slings         | 1 |  1.0
Bows           | 1 |  1.0
Crossbows      | 1 |  1.0
Armour         | 1 |  1.0
Dodging        | 1 |  1.0
Stealth        | 1 |  1.0
Shields        | 1 |  1.0
Unarmed Combat | 1 |  1.0
Throwing       | |  2.7
Spellcasting   | |  2.9
Conjurations   | |  0.8
Hexes          | |  0.8
Summonings     | |  0.8
Necromancy     | |  0.8
Transmutations | |  0.8
Ice Magic      | |  0.8
Air Magic      | |  0.8
Earth Magic    | |  0.8
Poison Magic   | |  0.8
Evocations     | |  2.7

Action                   |  1- 3 |  4- 6 || total
-------------------------+-------+-------++-------
Melee: Dagger            |   165 |    40 ||   205
       Bite              |    14 |     3 ||    17
 Cast: Apportation       |     2 |       ||     2
  Use: Scroll            |     3 |       ||     3
Armor: Robe              |    32 |       ||    32
       Scale mail        |    18 |    14 ||    32
Dodge: Dodged            |   103 |    31 ||   134
Block: Other             |    25 |     7 ||    32

Table legend: (Time is in decaauts)
 A = Elapsed time spent in this place.
 B = Non-inter-level travel time spent in this place.
 C = Inter-level travel time spent in this place.
 D = Time resting spent in this place.
 E = Time spent auto-exploring this place.
 F = Levels seen in this place.
 G = Mean time per level.
                   A        B        C        D        E       F      G
               +--------+--------+--------+--------+--------+-----+--------+
         Total |   3070 |   3017 |     53 |    972 |   1367 |   3 | 1023.3 |
       Dungeon |   3070 |   3017 |     53 |    972 |   1367 |   3 | 1023.3 |
               +--------+--------+--------+--------+--------+-----+--------+

Top non-repeatable levels by time:
     D:1: 1488 daAuts
     D:2: 1354 daAuts
     D:3: 227 daAuts
